 Dungeon Crawl Stone Soup version 0.31-a0-496-g6f97920a28 (webtiles) character file.

Game seed: 11770784738492867950

396 kae the Changeling (level 6, -1/44 HPs)
             Began as a Draconian Shapeshifter on Aug 8, 2023.
             Slain by an iguana (8 damage)
             ... on level 5 of the Dungeon.
             The game lasted 00:01:29 (2842 turns).

kae the Changeling (Draconian Shapeshifter)         Turns: 2842, Time: 00:01:30

Health: -1/44      AC:  0    Str: 17    XL:     6   Next: 52%
Magic:  6/6        EV: 16    Int:  9    God:
Gold:   129        SH:  0    Dex: 13    Spells: 5/5 levels left

rFire   . .          .
                       - Unarmed
rCold   . . .        (shield currently unavailable)
rNeg    . . .        (body armour unavailable)
rPois   .            (helmet restricted)
rElec   .            (no cloak)
rCorr   .            (no gloves)
SInv    .            (no boots)
Will    .....        (no amulet)
Stlth   +            (no ring)
HPRegen 0.27/turn    (no ring)
MPRegen 0.10/turn

%: no passive effects
@: flux-form, glowing
A: glow, contaminating, reduced hp, AC +6, unfitting armour, cold-blooded
a: Begin Untransformation


You were on level 5 of the Dungeon.
You were something dangerously unstable.
You visited 1 branch of the dungeon, and saw 5 of its levels.

You collected 129 gold pieces.


Innate Abilities, Weirdness & Mutations

You are something dangerously unstable.
You glow with magical radiation, making you easy to see and hit.
Foes you strike become dangerously contaminated with magical radiation.
Your maximum health is decreased, since you lack skill for your form.
You are incapable of wielding weapons or throwing items.
((Your plain brown scales are hard. (AC +6)))
You cannot fit into any form of body armour.
You are cold-blooded and may be slowed by cold attacks.


   Skills:
 - Level 1.1 Fighting
 - Level 1.7 Dodging
 + Level 4.9 Unarmed Combat
 * Level 5.5 Shapeshifting


You had 5 spell levels left.
You didn't know any spells.
Your spell library contained the following spells:

 Spells                   Type           Power      Damage    Failure   Level
 Freeze                   Ice            0%         1d3       38%         1
 Frozen Ramparts          Ice            0%         1d1       77%         3
 Hailstorm                Conj/Ice       0%         3d3       77%         3
 Inner Flame              Hex/Fire       0%         N/A       77%         3
 Flame Wave               Conj/Fire      0%         2d4       99%         4
 Sticky Flame             Conj/Fire      0%         2d3       99%         4

Inventory:

Missiles
 d - 17 stones
 o - 4 poisoned darts
Talismans
 b - a beast talisman
 c - a flux talisman (active)
Scrolls
 g - a scroll of immolation {!r!r}
 h - a scroll of teleportation {@r4}
Potions
 a - a potion of lignification {!q}
 e - 3 potions of curing {@q1}
 f - a potion of berserk rage {unknown}
 j - a potion of attraction {unknown}
 k - 3 potions of cancellation
 n - a potion of magic {unknown}
 p - 2 potions of ambrosia
 r - a potion of haste {unknown}

Dungeon Overview and Level Annotations

Branches:
Dungeon (5/15) Zot: 26882
 Temple: D:4-7

Altars:
Cheibriados
Nemelex Xobeh
Uskayaw
Zin

### ...
#.# #.#
#.# #.#
#l# #B#
#.# #.#
######.#
#......#
#.######
#.# #.#
#.#


You could see an iguana (misshapen).


Message History

No target in view!
Unknown command.
Things that are here:
a rat corpse; a giant cockroach corpse; a ball python corpse You see here a giant cockroach corpse.
There is a stone staircase leading up here.
There is an open door here.
There is a stone staircase leading down here.
You open the door.
Done exploring.
Unknown command.
Done exploring.
Done exploring.
Unknown command.
Done exploring.
Done exploring.
You climb downwards.
There is a stone staircase leading up here.
As you read the scroll of identify {@r1}, it crumbles to dust.
p - 2 potions of ambrosia
As you read the scroll labelled CIAWNI ESYP, it crumbles to dust.
Magic quickly surges around you.
It was a scroll of vulnerability.
Unknown command.
You aren't carrying any pieces of jewellery.
Unknown command.
Okay, then.
Okay, then.
Blork the orc comes into view.
He is wielding a +0 hand axe.
Okay, then.
You begin transforming.
You continue transforming. x3
Your transformation has ended.
You turn into something dangerously unstable. 😎 HP[-4]
You now have 43 max hp (-4).
Unknown command.
You hit Blork the orc but do no damage.
Blork the orc begins to glow.
You hit Blork the orc.
Blork the orc glows dangerously bright.
Blork the orc hits you with a +0 hand axe! 😕 HP[-10]
You take 10 damage, and now have 33/43 hp.
MASSIVE DAMAGE!! (PAUSE)
You barely miss Blork the orc. Blork the orc misses you.
Unknown command.
You hit Blork the orc.
Blork the orc shudders as magic cascades through him!
Blork the orc twists and deforms.
You tail-slap Blork the orc.
Blork the orc hits you with a +0 hand axe! 😮 HP[-8]
You take 8 damage, and now have 25/43 hp.
You hit Blork the orc but do no damage.
Blork the orc begins to glow.
Blork the orc closely misses you.
You hit Blork the orc but do no damage.
Blork the orc glows dangerously bright.
You tail-slap Blork the orc, but do no damage.
Blork the orc barely misses you. 😮 HP[+1] Unknown command.
You hit Blork the orc.
Blork the orc shudders as magic cascades through him!
You kill Blork the orc!
You now have 44 max hp (+1).
Things that are here:
a +0 hand axe; a +0 robe; the orc corpse of Blork the orc 😮 HP[+1] Unknown command.
Unknown command.
You feel your willpower return.
An iguana comes into view.
The iguana hisses angrily. 😎 HP[+17]
Your hp is fully restored (44).
An iguana is nearby!
Unknown command.
An iguana is nearby!
Unknown command.
An iguana is nearby!
Unknown command.
An iguana is nearby!
The iguana bites you!
You are too injured to fight recklessly! 😮 HP[-15]
You take 15 damage, and now have 29/44 hp.
MASSIVE DAMAGE!! (PAUSE)
You hit the iguana but do no damage.
The iguana begins to glow.
You tail-slap the iguana, but do no damage.
The iguana bites you!
* * * LOW HITPOINT WARNING * * *
😨 HP[-13]
You take 13 damage, and now have 16/44 hp.
MASSIVE DAMAGE!! (PAUSE)
You hit the iguana but do no damage.
The iguana glows dangerously bright.
The iguana misses you.
You hit the iguana but do no damage.
The iguana shudders as magic cascades through it!
The iguana twists and deforms.
The iguana bites you!
* * * LOW HITPOINT WARNING * * *
😱 HP[-9]
You take 9 damage, and now have 7/44 hp.
MASSIVE DAMAGE!! (PAUSE)
You barely miss the iguana. The iguana bites you!
You die...

Skill      XL: |  1  2  3  4  5 |
---------------+----------------+-----
Shapeshifting  | 4 5 |  5.5
Unarmed Combat | 4 |  4.9
Fighting       | |  1.1
Dodging        | |  1.7

Action                     |  1- 3 |  4- 6 || total
---------------------------+-------+-------++-------
  Melee: Unarmed           |    89 |    59 ||   148
         Tailslap          |    12 |    14 ||    26
         Punch             |       |     1 ||     1
    Use: Scroll            |       |    10 ||    10
         Potion            |       |     1 ||     1
   Stab: Sleeping          |     2 |     1 ||     3
         Distracted        |       |     1 ||     1
 Armour: Skin              |    15 |    10 ||    25
  Dodge: Dodged            |    46 |    32 ||    78
   Form: Flux              |       |     1 ||     1

Levels and vault maps discovered:
D:1:      lemuel_arrival_cross, layout_rooms, nicolae_ecumenical_lake_church
D:2:      layout_basic, basic_altar, minmay_pentomino_o2
D:3:      layout_basic, zin_academy, kennysheep_slug_shrine, serial_curves,
          eino_curves_01, eino_curves_04
D:4:      layout_basic, gammafunk_temple_overflow_statue, portal_sewer_entry_b
D:5:      layout_basic, cheibrodos_ashenzari_chains, marbit_many_paths,
          gammafunk_ghost_stat_death, uniq_blork_the_orc, uniq_grinder,
          uniq_ijyb

Notes
Turn   | Place    | Note
-------+----------+-------------------------------------------
     0 | D:1      | kae the Draconian Shapeshifter began the quest for the Orb.
     0 | D:1      | Reached XP level 1. HP: 16/16 MP: 1/1
     0 | D:1      | magus.rc [v1.11.3]
    50 | D:1      | Found a faded altar of an unknown god.
   460 | D:1      | Reached XP level 2. HP: 23/23 MP: 2/2
   668 | D:2      | You fall into a shaft and drop 2 floors!
   801 | D:3      | Reached XP level 3. HP: 23/28 MP: 3/3
   850 | D:3      | Found a glowing silver altar of Zin.
  1026 | D:3      | Found a snail-covered altar of Cheibriados.
  1373 | D:2      | Reached skill level 4 in Shapeshifting
  1424 | D:2      | Reached XP level 4. HP: 35/35 MP: 4/4
  1487 | D:2      | Found a sparkling altar of Nemelex Xobeh.
  1995 | D:4      | You pick up a book of Frost and begin reading...
  1995 | D:4      | You add the spells Freeze, Frozen Ramparts and Hailstorm to
                  | your library.
  2001 | D:4      | Noticed a scorpion
  2009 | D:4      | Killed a scorpion
  2009 | D:4      | HP: 7/35 [poisoned by a scorpion]
  2010 | D:4      | Reached skill level 4 in Unarmed Combat
  2010 | D:4      | Reached XP level 5. HP: 8/40 MP: 5/5
  2473 | D:4      | Found a sparkling altar of Nemelex Xobeh.
  2473 | D:4      | Found a hide-covered altar of Uskayaw.
  2531 | D:4      | Noticed a black bear
  2538 | D:4      | Killed a black bear
  2539 | D:4      | Reached skill level 5 in Shapeshifting
  2539 | D:4      | Reached XP level 6. HP: 36/47 MP: 6/6
  2624 | D:4      | You pick up a book of Flames and begin reading...
  2624 | D:4      | You add the spells Inner Flame, Sticky Flame and Flame Wave
                  | to your library.
  2724 | D:5      | Entered Level 5 of the Dungeon
  2729 | D:5      | Noticed Blork the orc
  2744 | D:5      | Killed Blork the orc
  2841 | D:5      | HP: 7/44 [iguana (10)]
  2842 | D:5      | Slain by an iguana

Vanquished Creatures
  A black bear (D:4)
  Blork the orc (D:5)
  2 scorpions (D:4)
  A jelly (D:4)
  3 adders
  3 worms
  A dart slug (D:3)
  7 orcs
  5 endoplasms
  6 giant cockroaches
  3 goblins
  A hobgoblin (D:1)
  3 quokkas
  5 ball pythons
  2 bats
  5 frilled lizards
  4 kobolds
  3 rats
56 creatures vanquished.

Vanquished Creatures (others)
  A goblin (D:4)
1 creature vanquished.

Grand Total: 57 creatures vanquished

Table legend:
 A = Non-vault XP
 B = Vault XP
 C = Vault XP percentage of total XP
 D = Non-vault monster count
 E = Vault monster count
 F = Vault count percentage of total count
                 A         B        C        D         E       F
            +---------+---------+-------+---------+---------+-------
      Total |     451 |     115 |  20.3 |      48 |       9 |  15.8
            +---------+---------+-------+---------+---------+-------
        D:1 |      12 |       0 |   0.0 |       8 |       0 |   0.0
        D:2 |      20 |       6 |  23.1 |      11 |       2 |  15.4
        D:3 |      60 |       4 |   6.2 |      16 |       1 |   5.9
        D:4 |     359 |       9 |   2.4 |      13 |       5 |  27.8
        D:5 |       0 |      96 | 100.0 |       0 |       1 | 100.0
            +---------+---------+-------+---------+---------+-------

Skill      XL: |  1  2  3  4  5 |
---------------+----------------+-----
Shapeshifting  | 4 5 |  5.5
Unarmed Combat | 4 |  4.9
Fighting       | |  1.1
Dodging        | |  1.7

Action                     |  1- 3 |  4- 6 || total
---------------------------+-------+-------++-------
  Melee: Unarmed           |    89 |    59 ||   148
         Tailslap          |    12 |    14 ||    26
         Punch             |       |     1 ||     1
    Use: Scroll            |       |    10 ||    10
         Potion            |       |     1 ||     1
   Stab: Sleeping          |     2 |     1 ||     3
         Distracted        |       |     1 ||     1
 Armour: Skin              |    15 |    10 ||    25
  Dodge: Dodged            |    46 |    32 ||    78
   Form: Flux              |       |     1 ||     1

Illustrated notes

Table legend:
 A = Kills in this place as a percentage of kills in the entire game.
 B = Kills by you in this place as a percentage of kills by you in the entire game.
 C = Kills by friends in this place as a percentage of kills by friends in the entire game.
 D = Other kills in this place as a percentage of other kills in the entire game.
 E = Experience gained in this place as a percentage of experience gained in the entire game.
 F = Experience gained in this place divided by the number of levels of this place that you have seen.
                   A       B       C       D       E      F
               +-------+-------+-------+-------+-------+----------------------
         Total | 100.0 | 100.0 |   N/A | 100.0 | 100.0 | 113.2
       Dungeon | 100.0 | 100.0 |   N/A | 100.0 | 100.0 | 113.2
               +-------+-------+-------+-------+-------+----------------------

Table legend: (Time is in decaauts)
 A = Elapsed time spent in this place.
 B = Non-inter-level travel time spent in this place.
 C = Inter-level travel time spent in this place.
 D = Time resting spent in this place.
 E = Time spent auto-exploring this place.
 F = Levels seen in this place.
 G = Mean time per level.
                   A        B        C        D        E       F      G
               +--------+--------+--------+--------+--------+-----+--------+
         Total |   2835 |   2734 |    101 |      0 |   2349 |   5 |  567.0 |
       Dungeon |   2835 |   2734 |    101 |      0 |   2349 |   5 |  567.0 |
               +--------+--------+--------+--------+--------+-----+--------+

Top non-repeatable levels by time:
     D:4: 834 daAuts
     D:3: 718 daAuts
     D:2: 614 daAuts
     D:1: 551 daAuts
     D:5: 117 daAuts
